[Event "*** Titled Tuesday Blitz"]
[Site "Chess.com"]
[Date "2020.11.03"]
[Round "8"]
[White "WildTricks"]
[Black "Artyom_ChessMate"]
[Result "0-1"]
[WhiteElo "2403"]
[BlackElo "2567"]
[TimeControl "180+1"]
[EndTime "11:33:43 PST"]
[Termination "Artyom_ChessMate won by resignation"]

1. Nf3 d5 2. g3 e6 3. Bg2 Nf6 4.
O-O Be7 5. c4 O-O 6. d4 dxc4 7.
Ne5 Nc6 8. Nxc6 bxc6 9. Na3 Bxa3 10. bxa3 Ba6 11. a4 Rb8 12. Ba3 Re8 13. Qd2 Qd7 14.
Qa5 Rb6 15. Bc5 Qc8 16. Bxb6 cxb6 17. Qd2 Rd8 18. Qc3 h6 19. e4 Qd7 20. Rfd1 c5 21.
d5 exd5 22. exd5 Qxa4 23. d6 Qb4 24. Qe5 c3 25. Qe7 Rd7 26. Qe5 c2 27. Rdc1 Qa4 28.
Bh3 Rd8 29. Qe7 Re8 30. Qxa7 Bb5 31. Qxa4 Bxa4 32. d7 Rd8 33. Bf5 Nxd7 34. Bxc2 Bc6 35. Rd1 Re8 36. Rd6 Ne5 37. f4 Nf3+ 38. Kf2 Nd4 39.
Bd3 Ra8 40. Bc4 Ra4 41. Bd5 Bxd5 42. Rxd5 Rb4 43. Rd8+ Kh7 44. a4 Rb2+ 45. Ke3 Rxh2 46. Rb8 Nc2+ 47. Kd3 Nxa1 48. Rxb6 Ra2 49. Ra6 Ra3+ 50.
Kc4 Rxg3 51. Kxc5 Rf3 52. a5 Nb3+ 53. Kb4 Nxa5 54. Rxa5 Rxf4+ 55. Kc3 Kg6 56. Kd2 Re4 57. Kd3 f5 58. Ra6+ Kg5 59. Ra7 g6 60. Ra1 h5 61.
Rh1 h4 62. Rg1+ Rg4 63. Rb1 h3 64. Ke3 Kh4 65. Kf2 h2 66. Rh1 Kh3 67. Kf1 Rg1+ 68. Rxg1 hxg1=Q+ 69. Kxg1 Kg3 70. Kh1 f4 71. Kg1 f3 72.
Kf1 f2 73. Ke2 Kg2 74. Ke3 f1=Q 75. Ke4 Qf3+ 76. Ke5 Kf2 77. Ke6 g5 78. Ke7 g4 79.
Ke8 g3 80. Kd7 g2 81. Kc7 g1=Q 82. Kb8 Qc1 83. Ka7 Qb3 0-1

[Event "*** Titled Tuesday Blitz"]
[Site "Chess.com"]
[Date "2020.11.03"]
[Round "8"]
[White "Guenplen"]
[Black "almo64"]
[Result "1-0"]
[WhiteElo "2888"]
[BlackElo "2690"]
[TimeControl "180+1"]
[EndTime "11:33:45 PST"]
[Termination "Guenplen won on time"]

1. d4 d5 2. Bf4 e6 3. e3 c5 4. Nd2 Nf6 5. c3 Nc6 6. Ngf3 cxd4 7.
exd4 Nh5 8. Bg3 g6 9. Bd3 Bg7 10.
O-O Nxg3 11. hxg3 O-O 12. Re1 Re8 13. g4 e5 14. dxe5 Bxg4 15. Qb3 Qc7 16. Bb5 Bxe5 17. Qxd5 Rad8 18. Qc4 Be6 19. Qh4 Bg7 20. Bc4 Bxc4 21.
Nxc4 h6 22. Ne3 f5 23. Rad1 Rxd1 24. Rxd1 Re4 25. Nd5 Qd6 26. Qh3 Ne5 27. Ne3 Qe7 28. Nxe5 Rxe5 29. Qf3 Kh7 30. g3 h5 31. Rd5 Rxd5 32.
Qxd5 Bh6 33. Nc4 f4 34. Ne5 fxg3 35. fxg3 Bg7 36. Nf3 Bf6 37. Qd3 Kg7 38. Kg2 a6 39.
b3 b5 40. c4 Qb7 41. c5 a5 42.
a3 b4 43. axb4 axb4 44. Qc4 Qc6 45. Qxb4 Qd5 46. Qc4 Qa8 47. b4 g5 48. c6 g4 49.
Nd4 Qe8 50. Ne6+ Kh6 51. Qf4+ Kg6 52. Qe4+ Kf7 53. c7 Qd7 54. Qc4 Qd2+ 55. Kf1 Qd1+ 56.
Kf2 Qd2+ 57. Qe2 Bd4+ 58. Nxd4 Qxd4+ 59. Kf1 Qc3 60. Qf2+ Kg7 61. Qc5 Qf3+ 62. Ke1 Qxg3+ 63. Kd2 Qf4+ 64. Kc3 Qf3+ 65. Kc4 Qe4+ 66. Kb3 1-0

[Event "*** Titled Tuesday Blitz"]
[Site "Chess.com"]
[Date "2020.11.03"]
[Round "8"]
[White "Jenia84"]
[Black "Misticpikachu"]
[Result "1-0"]
[WhiteElo "2330"]
[BlackElo "2480"]
[TimeControl "180+1"]
[EndTime "11:33:47 PST"]
[Termination "Jenia84 won by checkmate"]

1. Nf3 d5 2. b3 Nf6 3. Bb2 e6 4. e3 Be7 5. Be2 O-O 6. O-O c5 7. c4 Nc6 8. cxd5 Nxd5 9. d4 cxd4 10. Nxd4 Nxd4 11. Bxd4 Bf6 12. Bf3 b6 13. Bxf6 Qxf6 14.
Nd2 Bb7 15. Rc1 Rac8 16. Ne4 Qe7 17. Qd2 Rfd8 18. Rxc8 Rxc8 19. Rc1 h6 20. h3 Rd8 21. Rd1 Rc8 22. Rc1 Rxc1+ 23. Qxc1 Nb4 24. Qd2 a5 25. Qd4 Qc7 26. a3 Nc2 27. Qb2 Ne1 28. Qd2 Nxf3+ 29.
gxf3 Bd5 30. Qd3 Qc1+ 31. Kg2 Qxa3 32. Qb5 Bxe4 33. fxe4 Qb4 34. Qe8+ Qf8 35. Qc6 Qb8 36. f4 b5 37. Qa6 Qc7 38. Qxb5 Qc2+ 39. Kf3 Qc3 40.
Qe8+ Kh7 41. Qxf7 Qc1 42. f5 Qf1+ 43. Kg3 Qg1+ 44. Kf4 Qf2+ 45. Ke5 Qxe3 46. Qg6+ Kg8 47. Qxe6+ Kh7 48. Qg6+ Kg8 49. Qe6+ Kh7 50. Qc4 Qg3+ 51.
Ke6 Qb8 52. Qc6 Qg8+ 53. Ke5 Qxb3 54. Qg6+ Kg8 55. Qe8+ Kh7 56. Qg6+ Kh8 57. Qe8+ Qg8 58. Qe6 Qxe6+ 59. fxe6 Kg8 60. Kd6 Kf8 61. Kd7 a4 62. e7+ Kf7 63. e8=Q+ Kf6 64. Qe6+ Kg5 65. Qd5+ Kh4 66. Qc4 a3 67. Qa4 a2 68. Qxa2 g5 69.
Qd5 Kh5 70. Qf5 Kh4 71. Qg4# 1-0

[Event "*** Titled Tuesday Blitz"]
[Site "Chess.com"]
[Date "2020.11.03"]
[Round "8"]
[White "Atousa1"]
[Black "davidkalashian"]
[Result "0-1"]
[WhiteElo "2423"]
[BlackElo "2607"]
[TimeControl "180+1"]
[EndTime "11:33:50 PST"]
[Termination "davidkalashian won on time"]

1. e4 c6 2. d4 g6 3. Nc3 Bg7 4. Nf3 d6 5. a4 Nf6 6. Bd3 O-O 7. O-O Nbd7 8. h3 e5 9. Be3 Re8 10. Re1 Qe7 11. a5 Nh5 12. Qd2 Nf8 13. Bg5 Qc7 14. Be3 Qe7 15. Bg5 Qc7 16. Be3 Ne6 17. d5 Nd4 18. Be2 Nxe2+ 19. Qxe2 Nf4 20. Bxf4 exf4 21.
dxc6 bxc6 22. Qd2 Rb8 23. Na4 Be5 24. Rad1 Be6 25. b3 Rb5 26. a6 Qa5 27. Nxe5 dxe5 28.
Qxa5 Rxa5 29. Rd6 Rc8 30. Red1 Kf8 31. Rd8+ Rxd8 32. Rxd8+ Ke7 33. Ra8 Rxa6 34. g4 f5 35. f3 fxe4 36. fxe4 Ra5 37. Kf2 Bd7 38. Kf3 c5 39.
Nc3 Bc6 40. Rh8 Ra1 41. Rxh7+ Kf6 42. Rc7 Ba8 43. Rc8 Bb7 44. Rc7 Ba6 45. Nd5+ Ke6 46. Rxc5 Rf1+ 47. Kg2 Be2 48. Rc6+ Kf7 49. Rc7+ Ke6 50.
Rc6+ Kd7 51. Rc7+ Kd6 52. Rf7 f3+ 53. Kg3 g5 54. Ne3 Rg1+ 55. Kf2 Rh1 56. Rf6+ Ke7 57.
Rf5 Kd7 58. Rxe5 Rh2+ 59. Ke1 Rh1+ 60. Kf2 Rh2+ 61. Ke1 Rxh3 62. Rxg5 Rh1+ 63. Kf2 Rh2+ 64. Ke1 Ba6 65. Rg7+ Ke8 66. Rg5 f2+ 67. Kd1 f1=Q+ 68.
Nxf1 Bxf1 69. Ra5 Kd7 0-1

[Event "*** Titled Tuesday Blitz"]
[Site "Chess.com"]
[Date "2020.11.03"]
[Round "8"]
[White "Natalya_Buksa"]
[Black "woodhy"]
[Result "0-1"]
[WhiteElo "2524"]
[BlackElo "2483"]
[TimeControl "180+1"]
[EndTime "11:33:50 PST"]
[Termination "woodhy won by checkmate"]

1. d4 Nf6 2. Nc3 e6 3. e4 d5 4. Bd3 dxe4 5. Nxe4 Nbd7 6. Nf3 Be7 7. O-O b6 8. c4 Bb7 9. Re1 O-O 10. Bf4 c5 11. Nd6 Bxd6 12. Bxd6 Re8 13. Bc2 Bxf3 14. Qxf3 cxd4 15. Rad1 e5 16. Ba4 Rc8 17. Bxd7 Nxd7 18. b3 Re6 19. Ba3 Qe8 20. Qb7 Nc5 21. Bxc5 Rxc5 22.
Qxa7 Ra5 23. Qc7 Rxa2 24. b4 Rc2 25. c5 bxc5 26. bxc5 h6 27. Rb1 Kh7 28. Rb7 Rf6 29.
Rb8 Qc6 30. Qxc6 Rxc6 31. f3 R2xc5 32. Rd8 Re6 33. Kf2 Rc2+ 34. Kf1 Kg6 35. h4 h5 36. Rd7 Kf6 37. Rd5 Kf5 38. Re4 f6 39. Rexd4 Rb6 40.
Rd2 Rb1+ 41. Kf2 Rcc1 42. Rd7 g6 43. Kg3 Rc6 44. Rf7 Rbb6 45. Re2 Rb3 46. Kf2 Re6 47. Rg7 Rb4 48. g3 e4 49. f4 Rb3 50. Rc7 Rf3+ 51. Kg2 Kg4 52. Rg7 Rxg3+ 53. Kf2 f5 54.
Ra7 Kxf4 55. Re1 Rf3+ 56. Kg2 Kg4 57. Ra2 Kxh4 58. Rh1+ Kg4 59. Re1 h4 60. Kh2 h3 61.
Rg1+ Kf4 62. Ra8 g5 63. Rg8 g4 64. Rf8 Rd6 65. Rb1 Rd2+ 66. Kh1 g3 67. Rg8 g2+ 68.
Kh2 Rf1 69. Rxf1+ gxf1=Q+ 70. Rg2 Qxg2# 0-1

[Event "*** Titled Tuesday Blitz"]
[Site "Chess.com"]
[Date "2020.11.03"]
[Round "8"]
[White "MF1966Idrisov"]
[Black "IMDT02"]
[Result "1-0"]
[WhiteElo "2373"]
[BlackElo "2514"]
[TimeControl "180+1"]
[EndTime "11:33:50 PST"]
[Termination "MF1966Idrisov won by resignation"]

1. Nf3 Nf6 2. b3 g6 3. Bb2 Bg7 4. c4 O-O 5. g3 d6 6. d4 Bd7 7.
Bg2 Qc8 8. O-O Bh3 9. Nc3 Nc6 10. d5 Nb8 11. Qd2 Bxg2 12. Kxg2 Nbd7 13. h3 a5 14. Nd4 Nc5 15. Rae1 e6 16. dxe6 fxe6 17. e4 e5 18. Nf3 Ne6 19. Nd5 Qd7 20. Ng5 Nxg5 21.
Qxg5 Nxd5 22. cxd5 c6 23. dxc6 bxc6 24. Rd1 Qe6 25.
Qd2 Rfd8 26. Rfe1 a4 27. Qc2 axb3 28. axb3 Ra6 29. Rd3 Rb8 30. Red1 Bf8 31. h4 Rab6 32. h5 Rxb3 33. Bc1 Rxd3 34. Rxd3 d5 35. hxg6 hxg6 36.
exd5 cxd5 37. Rc3 Rd8 38. Bg5 Re8 39. Rc6 Bd6 40. Qa4 Qd7 41. Qb5 Bf8 42. Qb6 Rb8 43. Rxg6+ Kh7 44. Qf6 Bg7 45. Rh6+ Bxh6 46. Qxh6+ Kg8 47.
Qg6+ Qg7 48. Qe6+ Qf7 49. Qxe5 Re8 50. Qd4 Re4 51. Qc5 Rc4 52. Qd6 Re4 53. Bf4 Qe6 54. Qd8+ Kf7 55. Qc7+ Ke8 56. Qb8+ Kd7 57. Qc7+ Ke8 58.
Qb8+ Kf7 59. Qc7+ Kg6 60. Qb8 d4 61. Qb1 Kf7 62. Qd3 Qd5 63. f3 Re7 64. Qh7+ Ke6 65.
Qg8+ Kd7 66. Qxd5+ Ke8 67. Qxd4 1-0

[Event "*** Titled Tuesday Blitz"]
[Site "Chess.com"]
[Date "2020.11.03"]
[Round "8"]
[White "Witik"]
[Black "Lysiak_Poltorak"]
[Result "1-0"]
[WhiteElo "2611"]
[BlackElo "2360"]
[TimeControl "180+1"]
[EndTime "11:33:51 PST"]
[Termination "Witik won by checkmate"]

1. e4 c6 2. d4 d5 3. e5 Bf5 4.
h4 Qb6 5. g4 Bd7 6. h5 e6 7. f4 c5 8. Nf3 cxd4 9. Bd3 Bc5 10. a3 a5 11. O-O Ne7 12. Nbd2 Bb5 13. Nb3 Nbc6 14. f5 Bxd3 15. Qxd3 a4 16. Nxc5 Qxc5 17. f6 gxf6 18. exf6 Nc8 19. Bh6 Nd6 20. Bg7 Rg8 21.
Qxh7 O-O-O 22. Qd3 e5 23. Ng5 e4 24. Qh3 d3+ 25.
Kh1 d2 26. h6 d4 27. Qh5 e3 28.
h7 e2 29. hxg8=Q Rxg8 30. Rg1 Qd5+ 31. Kh2 Qe5+ 32. Kh3 e1=Q 33. Raxe1 dxe1=Q 34. Rxe1 Qxe1 35. Nxf7 Qh1+ 36. Kg3 Qxh5 37. Nxd6+ Kd7 38. gxh5 Ne5 39. h6 Kxd6 40. h7 Ra8 41. h8=Q Rxh8 42. Bxh8 Kd5 43.
Bg7 Ke4 44. Kh4 Kf5 45. Kh5 Nf7 46. Kh4 Ne5 47. Kg3 b5 48. Kf2 Ke4 49. Ke2 Nf7 50.
Bf8 Kf5 51. Be7 Ke4 52. Kf2 d3 53. cxd3+ Kxd3 54. Kf3 Kc2 55. Ke4 Kxb2 56. Kd5 Kb3 57. Bb4 Nh6 58. Ke6 Kc4 59. Bd2 b4 60. Bxh6 bxa3 61.
f7 a2 62. Bg7 a1=Q 63. Bxa1 Kb3 64. f8=Q Ka2 65. Qf1 a3 66. Be5 Kb3 67. Qb1+ Ka4 68. Bc3 a2 69. Qb4# 1-0

[Event "*** Titled Tuesday Blitz"]
[Site "Chess.com"]
[Date "2020.11.03"]
[Round "8"]
[White "joppie2"]
[Black "Sibelephant"]
[Result "1/2-1/2"]
[WhiteElo "2897"]
[BlackElo "3084"]
[TimeControl "180+1"]
[EndTime "11:33:52 PST"]
[Termination "Game drawn by agreement"]

1. e4 e5 2. Nf3 Nc6 3. Bc4 Nf6 4. d3 Be7 5. a4 O-O 6. O-O d6 7. Re1 Kh8 8. Nc3 Ng8 9. Nd5 f5 10. c3 fxe4 11. dxe4 Bg4 12. Be2 Nf6 13. Nxf6 Rxf6 14. Be3 Qe8 15. b4 Nd8 16. h3 Bd7 17. Nh2 Ne6 18.
Bg4 Bc6 19. Bd2 Qf8 20. b5 Be8 21. Be3 Bg6 22. Qd5 Nd8 23. c4 Bf7 24. Qd3 Ne6 25. Nf1 Nc5 26. Qc2 Bg6 27. Ng3 Ne6 28. Rad1 Qf7 29.
Nf5 h5 30. Be2 Rf8 31. a5 b6 32. axb6 axb6 33. Ra1 Bxf5 34. exf5 Rxf5 35. Qe4 Bg5 36. Bd3 g6 37. Qd5 Rf6 38. Ra8 Bxe3 39. fxe3 Rxa8 40.
Qxa8+ Kg7 41. Be4 Qf8 42. Qc6 Qe7 43. Bd5 Nc5 44. Ra1 Rf8 45. Ra7 Kh6 46. Qxc7 Qxc7 47. Rxc7 Nd3 48. Rc6 Nb2 49. Rxb6 Nd1 50. Rxd6 Nxe3 51.
Bf3 Nxc4 52. Rc6 Nd2 53. Be2 Rf4 54. b6 Rb4 55. Rd6 Rb1+ 56. Kh2 Ne4 57. Re6 Nc5 58. Rxe5 Nd7 59. Re7 Nxb6 60. Re6 Nd5 61. Bd3 Rd1 62. Rxg6+ Kh7 63. Rg3+ Kh6 64. Rg6+ Kh7 65. Be4 Nc3 66. Rd6+ Kg7 67. Rxd1 Nxd1 68. Bf3 Ne3 69. Bxh5 Nxg2 70. Kxg2 Kh6 71. Bg4 Kg7 72. Bf3 Kh8 73. h4 Kg7 74. h5 Kh8 1/2-1/2

[Event "*** Titled Tuesday Blitz"]
[Site "Chess.com"]
[Date "2020.11.03"]
[Round "8"]
[White "petrkostenko"]
[Black "Nemsko"]
[Result "1/2-1/2"]
[WhiteElo "2436"]
[BlackElo "2370"]
[TimeControl "180+1"]
[EndTime "11:33:56 PST"]
[Termination "Game drawn by repetition"]

1. e4 e5 2. Nf3 Nc6 3. Bb5 a6 4. Ba4 Nf6 5. O-O Be7 6. Re1 b5 7. Bb3 d6 8. c3 O-O 9. d4 Bg4 10. Be3 exd4 11. cxd4 Na5 12. Bc2 Nc4 13. Bc1 c5 14. b3 Nb6 15. Nbd2 Rc8 16. h3 Bh5 17. a4 Qc7 18. axb5 axb5 19. Bb2 c4 20. bxc4 bxc4 21. Bc3 Ra8 22. Nf1 Rxa1 23. Bxa1 Ra8 24. Ng3 Bg6 25. Nh4 Nfd7 26. Nhf5 Bf8 27. h4 h6 28. h5 Bh7 29. d5 c3 30. Re3 Ra3 31. Qc1 Qc5 32. Bd1 c2 33. Bxc2 Rxa1 34. Qxa1 Qxc2 35. Rc3 Qd2 36.
Rc6 Qf4 37. Qd4 Qe5 38. Qxe5 dxe5 39. d6 g6 40. Ne7+ Kg7 41. Rc7 Kf6 42. Rc6 Bxe7 43. dxe7+ Kxe7 44. hxg6 fxg6 45. Nf1 Kf7 46. Ne3 Bg8 47.
Ng4 h5 48. Nxe5+ Nxe5 49. Rxb6 Kg7 50. f4 Ng4 51. g3 Bf7 52. Kg2 Kf8 53. Kf3 Ke7 54.
Rb7+ Ke8 55. Ra7 Kf8 56. Rc7 Ke8 57. Ke2 Be6 58. Kd3 Kd8 59. Rg7 Nf2+ 60. Ke3 Ng4+ 61. Kd4 Ke8 62. Rxg6 Bf7 63. Rg5 Nf6 64. Ke5 Nd7+ 65.
Kd6 Nf6 66. Re5+ Kf8 67. Kc5 Nd7+ 68. Kd6 Nxe5 69. Kxe5 Ke7 70. f5 Be8 71. Kf4 Kf6 72.
e5+ Ke7 73. Kg5 Kf8 74. e6 Ke7 75. g4 hxg4 76. Kxg4 Kf6 77. Kf4 Bc6 78. Kg4 Be8 79. Kf4 Bc6 80. Kg4 Be8 1/2-1/2

[Event "*** Titled Tuesday Blitz"]
[Site "Chess.com"]
[Date "2020.11.03"]
[Round "8"]
[White "ChelsieMonica"]
[Black "lacafi"]
[Result "1-0"]
[WhiteElo "2314"]
[BlackElo "2090"]
[TimeControl "180+1"]
[EndTime "11:33:57 PST"]
[Termination "ChelsieMonica won by resignation"]

1. c4 f5 2. Nf3 Nf6 3. e3 g6 4. d4 Bg7 5. Be2 O-O 6. O-O d6 7. Nc3 c6 8. d5 e5 9. dxe6 Bxe6 10. Qb3 Bc8 11. Rd1 Qc7 12. Bd2 Na6 13. Be1 Nc5 14.
Qc2 Nce4 15. Bd3 Bd7 16. Rab1 Rae8 17. b4 h6 18. a4 g5 19. Nd4 Nxc3 20. Bxc3 f4 21.
exf4 gxf4 22. Nf5 Bxf5 23. Bxf5 d5 24. Bg6 Re7 25. Bd4 b6 26. h3 Ne4 27. cxd5 cxd5 28. Qxc7 Rxc7 29. Bxg7 Kxg7 30. Bxe4 dxe4 31. Re1 Rc4 32.
a5 b5 33. Rbd1 Rxb4 34. Rd5 Kf6 35. Rh5 Rc8 36. Rxh6+ Ke5 37. Ra6 Rc7 38. h4 Rb2 39. h5 b4 40. h6 b3 41. Rg6 Rh7 42. Rg7 Rxh6 43. Rxa7 Rc6 44. Re7+ Re6 45. Rxe6+ Kxe6 46. Rxe4+ Kf5 47. Rb4 Ra2 48. Rxb3 Rxa5 49. Kh2 Kg4 50. f3+ Kg5 51. Rb8 Kf5 52. Rf8+ Kg5 53. Kh3 Rb5 54. Rg8+ Kf5 55. Rh8 Kg5 56. Rh4 Ra5 57. Rg4+ Kf5 58. Kh4 Ra7 59. Rg5+ Kf6 60. Kg4 Ra2 61.
Rf5+ Kg6 62. Rg5+ Kf6 63. Kh4 Ra4 64. Rg4 Kf5 65. Kh3 Kf6 66. g3 Kf5 67. Kh4 Rb4 68.
Rg5+ Kf6 69. g4 Ra4 70. Rf5+ Kg6 71. Rf8 Rb4 72. Rg8+ Kh6 73. g5+ Kh7 74. Rf8 Kg6 75. Rf6+ Kg7 76. Kg4 Rb5 77. Rxf4 Kg6 78. Rf6+ Kg7 79.
f4 1-0

[Event "*** Titled Tuesday Blitz"]
[Site "Chess.com"]
[Date "2020.11.03"]
[Round "8"]
[White "Kildepiotr"]
[Black "Fandorine"]
[Result "1/2-1/2"]
[WhiteElo "2669"]
[BlackElo "2826"]
[TimeControl "180+1"]
[EndTime "11:34:00 PST"]
[Termination "Game drawn by repetition"]

1. Nf3 g6 2. g3 b6 3. Bg2 Bb7 4. O-O Bg7 5. c4 Nf6 6. Nc3 O-O 7. d3 c5 8. e4 d6 9. Ne1 Nc6 10. f4 Rb8 11. Nc2 a6 12. a4 Ne8 13. Kh1 Nc7 14. f5 b5 15. axb5 axb5 16. cxb5 Ne5 17. Ne3 Bc8 18. Ned5 Nxd5 19. Nxd5 Bb7 20. Nc3 Ra8 21. Rxa8 Qxa8 22. Bg5 Re8 23. f6 exf6 24. Bxf6 Bxf6 25. Rxf6 Qd8 26. Rf1 Qb6 27. Qd2 c4 28. dxc4 Nxc4 29. Qf4 Ne5 30. Rd1 h5 31. h3 Re6 32.
Qd2 Qd8 33. Kh2 h4 34. g4 Qf6 35. Rf1 Qe7 36. Nd5 Qd8 37. Qf2 Bxd5 38. exd5 Re8 39. b6 Qb8 40. Ra1 Nc4 41. Ra7 Rf8 42. b7 Qc7 43. Qxh4 Qb6 44. Ra8 Qxb7 45. Rxf8+ Kxf8 46. g5 Ne5 47. Qh8+ Ke7 48. Qf6+ Kd7 49. Qf2 Qb4 50. Qe2 Ke8 51. Qf2 Kf8 52. Qf6 Kg8 53. Qd8+ Kh7 54. Qf6 Kg8 55. Qd8+ Kh7 56. Qf6 Qc5 57. Kg3 Qb6 58.
Kh2 Qb4 59. b3 Qc5 60. Kh1 Qb6 61. Kh2 Kg8 62. Kh1 Qxb3 63. Qxd6 Qd1+ 64. Kh2 Qd4 65. Qd8+ Kh7 66. Qf6 Kg8 67. d6 Qc5 68. Qe7 Kh7 69.
Qf6 Kg8 70. Qe7 Kh7 71. Qf6 Kg8 1/2-1/2

[Event "*** Titled Tuesday Blitz"]
[Site "Chess.com"]
[Date "2020.11.03"]
[Round "8"]
[White "paulrusan"]
[Black "mjray79"]
[Result "1-0"]
[WhiteElo "2221"]
[BlackElo "2468"]
[TimeControl "180+1"]
[EndTime "11:34:00 PST"]
[Termination "paulrusan won by checkmate"]

1. e4 e5 2. Nf3 Nc6 3. Bc4 Bc5 4. b4 Bxb4 5. c3 Ba5 6. d4 b5 7. Bxb5 Nxd4 8. Nxd4 exd4 9. Qxd4 Qf6 10. e5 Qe6 11.
Bc4 Qg6 12. O-O Bb7 13. Bd5 Bb6 14. Qc4 c6 15. Be4 Qe6 16. Qxe6+ fxe6 17. Re1 Ne7 18.
Be3 Bxe3 19. Rxe3 O-O 20. g3 Nf5 21. Rd3 Rf7 22. Bxf5 exf5 23. f4 Ba6 24. Rd6 Rb8 25. Nd2 Rb2 26. Nf3 Bc4 27. Rd2 Rb6 28. Rad1 Bd5 29.
Ng5 Re7 30. c4 Bxc4 31. Rxd7 Rxd7 32. Rxd7 Rb1+ 33. Kf2 Rb2+ 34. Ke3 g6 35. e6 h6 36. e7 Re2+ 37. Kd4 hxg5 38. Kxc4 gxf4 39. gxf4 Kf7 40.
Rxa7 Rxh2 41. Kc5 Rc2+ 42. Kd6 c5 43. a4 c4 44. Rc7 Rd2+ 45. Ke5 Re2+ 46. Kd4 Re4+ 47.
Kd5 Rxf4 48. a5 Rf1 49. a6 Ra1 50. a7 c3 51. Kc6 c2 52. Kb7 Rb1+ 53. Ka6 c1=Q 54.
Rxc1 Rxc1 55. e8=Q+ Kxe8 56. a8=Q+ Kf7 57. Qd5+ Kg7 58.
Qe5+ Kh7 59. Qh2+ Kg7 60. Qb2+ Kh6 61. Qxc1+ g5 62. Kb5 Kh5 63. Qh1+ Kg4 64. Qg2+ Kf4 65. Kc4 g4 66. Kd3 Kg5 67. Qd2+ f4 68. Ke4 Kh4 69. Qxf4 Kh3 70. Qh6+ Kg2 71. Kf4 g3 72. Qh4 Kf1 73. Qxg3 Ke2 74. Qe3+ Kf1 75. Qd2 Kg1 76. Kg3 Kf1 77.
Qf2# 1-0

[Event "*** Titled Tuesday Blitz"]
[Site "Chess.com"]
[Date "2020.11.03"]
[Round "8"]
[White "tdf98pantani"]
[Black "GigaQuparadze"]
[Result "1/2-1/2"]
[WhiteElo "2725"]
[BlackElo "2861"]
[TimeControl "180+1"]
[EndTime "11:34:04 PST"]
[Termination "Game drawn by repetition"]

1. e4 c5 2. Nf3 e6 3. d4 cxd4 4. Nxd4 a6 5. Bd3 Nf6 6. O-O Qc7 7. Qe2 d6 8. f4 Nbd7 9. c4 g6 10. Nc3 Bg7 11. f5 e5 12. Nc2 O-O 13. Ne3 b5 14. cxb5 axb5 15. Ncd5 Qb8 16. Bd2 Bb7 17. Bxb5 Nxd5 18.
Nxd5 Bxd5 19. exd5 Nf6 20. Bc6 Qxb2 21. Rfb1 Qd4+ 22.
Be3 Qe4 23. fxg6 hxg6 24. Bxa8 Rxa8 25. Qf3 Qxf3 26. gxf3 Nxd5 27. Rb3 e4 28. Rd1 Nc3 29. Rxd6 exf3 30. a3 Re8 31. Rd3 Ne4 32. Bf2 Rc8 33.
Rb1 Ng5 34. Be3 Nh3+ 35. Kf1 Rc2 36. Bd2 g5 37. Rb8+ Kh7 38. Rxf3 g4 39. Rd3 Kg6 40. Rb5 Ra2 41. Rd6+ f6 42. Rb4 Kh5 43. Rb5+ Kg6 44.
Rb4 Kf5 45. Rd5+ Ke6 46. Rd3 f5 47. Rb6+ Ke5 48. Bc3+ Ke4 49. Rxh3 gxh3 50. Bxg7 Rxh2 51. Rb4+ Kf3 52. Rb3+ Kg4 53. Be5 f4 54. Rb4 Rh1+ 55. Kf2 Rh2+ 56. Kg1 Rg2+ 57. Kf1 Ra2 58. Rxf4+ Kg5 59.
Rf3 h2 60. Bxh2 Rxh2 61. Ke1 Kg4 62. Rf7 Ra2 63. Ra7 Kf5 64. Kd1 Ke5 65. Kc1 Rh2 66.
Kb1 Kd4 67. Rb7 Kc5 68. Rb2 Rh1+ 69. Ka2 Rh4 70. Rc2+ Kb5 71. Kb3 Rh3+ 72. Rc3 Rxc3+ 73. Kxc3 Ka6 74. Kb4 Ka7 75. Ka5 Ka8 76. Ka6 Kb8 77.
Kb6 Ka8 78. Ka6 Kb8 79. Kb5 Ka8 80. Kc4 Kb8 81. Kb5 Ka8 82. Ka4 Kb8 83. Kb3 Ka8 84.
Ka2 Kb8 85. Kb3 Ka8 86. Ka4 Kb8 87. Kb5 1/2-1/2

[Event "*** Titled Tuesday Blitz"]
[Site "Chess.com"]
[Date "2020.11.03"]
[Round "8"]
[White "Lagmantr"]
[Black "Sebastian"]
[Result "1/2-1/2"]
[WhiteElo "2737"]
[BlackElo "2889"]
[TimeControl "180+1"]
[EndTime "11:34:05 PST"]
[Termination "Game drawn - insufficient material"]

1. e4 c5 2. Nf3 d6 3. d4 cxd4 4. Nxd4 Nf6 5. Nc3 a6 6. Be3 e5 7. Nb3 Be6 8. f3 h5 9. Qd2 Nbd7 10. Nd5 Bxd5 11. exd5 g6 12. O-O-O Qc7 13. Kb1 Bg7 14. c4 O-O 15. h3 b6 16. g4 Nc5 17.
Bg5 e4 18. Bxf6 Bxf6 19. gxh5 Rfe8 20. Rg1 e3 21. Qc2 Kf8 22. hxg6 fxg6 23. Qxg6 Qg7 24. Bd3 Qxg6 25. Bxg6 Re7 26. Nxc5 bxc5 27. Bd3 a5 28. Rg2 a4 29. Re1 Rb8 30. Ree2 Bd4 31. Be4 Reb7 32.
Kc1 Ke7 33. Rc2 Kf6 34. Rce2 Ke5 35. Rg5+ Kf6 36. Rg6+ Ke7 37. Re6+ Kd7 38. Bf5 Bxb2+ 39. Kd1 Bd4 40. R6xe3+ Kc7 41. Re7+ Kb6 42. Rxb7+ Kxb7 43. Rh2 Kc7 44. h4 Be5 45. Rg2 Rh8 46. Rg4 a3 47. Be4 Rb8 48. Rg2 Rh8 49. Rg4 Rb8 50.
f4 Bd4 51. Rg2 Rh8 52. Rh2 Kd8 53. h5 Rh6 54. Bg6 Ke7 55. f5 Kf6 56. Re2 Rh8 57.
Re6+ Kg5 58. Rxd6 Rb8 59. Ra6 Rb1+ 60. Ke2 Rb2+ 61. Kd3 Rxa2 62. d6 Ra1 63. d7 Bf6 64. Kc2 Bd8 65. Ra8 a2 66. f6 Bxf6 67. Bd3 Rh1 68.
Rxa2 Rxh5 69. Ra5 Rh2+ 70. Kb3 Rb2+ 71. Ka3 Rd2 72. Rxc5+ Kf4 73. Rd5 Bd8 74. Ka4 Ke3 75.
Kb5 Rxd3 76. Rxd3+ Kxd3 77. c5 Kd4 78. c6 Kd5 79. c7 Bxc7 80. d8=Q+ Bxd8 1/2-1/2

[Event "*** Titled Tuesday Blitz"]
[Site "Chess.com"]
[Date "2020.11.03"]
[Round "8"]
[White "hansen"]
[Black "DenLaz"]
[Result "1/2-1/2"]
[WhiteElo "2926"]
[BlackElo "2737"]
[TimeControl "180+1"]
[EndTime "11:34:05 PST"]
[Termination "Game drawn by repetition"]

1. e4 e5 2. Nf3 Nc6 3. Bb5 a6 4. Ba4 Nf6 5. O-O Be7 6. Re1 b5 7. Bb3 d6 8. c3 O-O 9. h3 Bb7 10. d4 Re8 11. Nbd2 Bf8 12. Bc2 g6 13. a3 Bg7 14.
Nf1 d5 15. Nxe5 Nxe5 16. dxe5 Nxe4 17. f3 Nc5 18. Be3 Ne6 19. f4 c5 20. Qg4 d4 21. Rad1 Qc7 22. Bc1 dxc3 23. bxc3 Rad8 24. Rxd8 Qxd8 25. Ng3 h5 26. Nxh5 gxh5 27. Qxh5 Nf8 28. Re3 Re6 29. Rg3 Rg6 30. Bxg6 fxg6 31. Qe2 Qd5 32.
Rd3 Qc4 33. Qe3 Be4 34. Rd8 Bf5 35. Bd2 a5 36. Rb8 Kf7 37. Qf3 Nd7 38. Rb7 Be6 39.
Qc6 Qd3 40. Be1 Qd1 41. Qe4 Bf5 42. Qe3 Qd5 43. Rxb5 a4 44. Ra5 Be4 45. Qg3 Bf5 46. Kh2 Nf8 47. Bf2 Ne6 48. Ra7+ Kg8 49. Qh4 Qd2 50.
Qg3 c4 51. Ra8+ Kf7 52. Rxa4 Bh6 53. Rxc4 Bxf4 54. Rxf4 Nxf4 55. a4 Ne6 56. a5 Qa2 57.
Qh4 g5 58. Qh5+ Bg6 59. Qf3+ Kg7 60. Bb6 Nf4 61. Bd4 Kh6 62. h4 Bh5 63. hxg5+ Kxg5 64. Qg3+ Kf5 65. Be3 Ne6 66. Qh3+ Ke4 67. Qxh5 Kxe3 68. Qh3+ Ke4 69. Qf3+ Kxe5 70. Qb7 Qd2 71. Qb8+ Kf5 72.
a6 Qh6+ 73. Kg1 Qe3+ 74. Kf1 Qc1+ 75. Kf2 Qd2+ 76. Kg1 Qe1+ 77. Kh2 Qh4+ 78. Kg1 Qe1+ 79. Kh2 Qh4+ 80. Kg1 Qe1+ 1/2-1/2

[Event "*** Titled Tuesday Blitz"]
[Site "Chess.com"]
[Date "2020.11.03"]
[Round "8"]
[White "RD4ever"]
[Black "XDPS"]
[Result "1-0"]
[WhiteElo "2847"]
[BlackElo "2669"]
[TimeControl "180+1"]
[EndTime "11:34:09 PST"]
[Termination "RD4ever won by checkmate"]

1. d4 d5 2. c4 e6 3. Nf3 a6 4. Nc3 Nf6 5. cxd5 exd5 6. Bg5 Be6 7. Qb3 Nbd7 8. e3 Bd6 9. Be2 b5 10.
O-O O-O 11. Rfc1 Qb8 12. Qd1 c6 13. Bh4 Rc8 14. Bg3 Bxg3 15. hxg3 Qd6 16. Ne1 Ne4 17.
Nd3 f5 18. Bf3 Ndf6 19. Ne2 g5 20. Rc2 Rc7 21. Rac1 Rac8 22. Qe1 Ra7 23. Qb4 Bd7 24. Qxd6 Nxd6 25. Nb4 a5 26. Nxc6 Bxc6 27. Rxc6 Rxc6 28. Rxc6 Nde8 29. Nc3 b4 30. Nxd5 Nxd5 31. Bxd5+ Kf8 32. Kf1 a4 33. Ke2 b3 34. axb3 axb3 35. Bxb3 Rb7 36. Rc3 Nd6 37. f3 g4 38. Kd3 h5 39.
Kc2 Ke7 40. Bd5 Rb5 41. Rc5 Rb6 42. e4 Rb4 43. Kc3 Rb8 44. e5 Ne8 45. b4 Kd8 46.
Bc4 Ra8 47. Kb2 Rb8 48. Kc3 Ra8 49. Ra5 Rc8 50. d5 Nc7 51. Kd4 Rb8 52. d6 Ne8 53. b5 Kd7 54. Ra7+ Kd8 55. Kc5 Rc8+ 56. Kb4 Rb8 57.
e6 Nxd6 58. Rd7+ Ke8 59. Rxd6 f4 60. fxg4 hxg4 61. gxf4 g3 62. Rd3 Ke7 63. Rxg3 Kf6 64. Kc5 Rc8+ 65. Kb4 Rb8 66. Re3 Ke7 67. f5 Rf8 68. g4 Rg8 69. b6 Rb8 70. Kc5 Rc8+ 71. Kb5 Rg8 72. f6+ Kxf6 73. e7 Re8 74. b7 Kg5 75. Kc6 Kxg4 76. b8=Q Rxb8 77. e8=Q Rxe8 78. Rxe8 Kg5 79. Rf8 Kg6 80. Kd6 Kg7 81. Rf7+ Kg6 82. Ke5 Kh6 83. Kf5 Kh5 84. Rh7# 1-0